 Dungeon Crawl Stone Soup version 0.31.0-32-g396128a36d (webtiles) character file.

Game seed: 13367834190355805077

40 AgateBread the Caller (level 3, -1/40 HPs)
             Began as a Merfolk Summoner on Apr 23, 2024.
             Succumbed to a goblin's poison
             ... on level 2 of the Dungeon.
             The game lasted 00:10:19 (3100 turns).

AgateBread the Caller (Merfolk Summoner)            Turns: 3100, Time: 00:10:20

Health: -1/40      AC: 21    Str:  8    XL:     3   Next: 50%
Magic:  6/7        EV:  2    Int: 16    God:
Gold:   48         SH:  0    Dex: 14    Spells: 4/7 levels left

rFire   . . .        e - +0 short sword
rCold   . . .        (no shield)
rNeg    . . .        a - melded +0 robe
rPois   +            (helmet currently unavailable)
rElec   .            (cloak currently unavailable)
rCorr   .            (gloves currently unavailable)
SInv    .            (boots currently unavailable)
Will    .....        c - amulet of the acrobat
Stlth   ++           (no ring)
HPRegen 0.26/turn    (no ring)
MPRegen 0.10/turn

%: acrobat
@: lethally poisoned (-1 -> -17), tree-form
A: stationary, stasis, torment immunity, boosted hp, (nimble swimmer 2),
(mertail)
a: no special abilities


You were on level 2 of the Dungeon.
You were a tree.
You visited 1 branch of the dungeon, and saw 2 of its levels.

You collected 48 gold pieces.

Inventory:

Hand Weapons
 e - a +0 short sword (weapon)
 g - the +5 Force Lance {heavy, knockback}
   (You found it on level 2 of the Dungeon)
 h - a +0 dagger
Armour
 a - a +0 robe (melded)
Jewellery
 c - an amulet of the acrobat (around neck)
Scrolls
 f - a scroll of noise {unknown}
Potions
 b - a potion of magic


   Skills:
 + Level 2.2 Fighting
 - Level 2.6 Dodging
 - Level 2.1 Stealth
 + Level 2.8 Spellcasting
 - Level 4.0 Summonings


You had 4 spell levels left.
You knew the following spells:

 Your Spells              Type           Power      Damage    Failure   Level
a - Summon Small Mammal   Summ           60%        N/A       3%          1
b - Call Imp              Summ           30%        N/A       5%          2

Your spell library contained the following spells:

 Spells                   Type           Power      Damage    Failure   Level
 Call Canine Familiar     Summ           15%        N/A       11%         3
 Summon Blazeheart Golem  Fire/Summ      8%         N/A       63%         4
 Summon Lightning Spire   Summ/Air       8%         N/A       63%         4


Dungeon Overview and Level Annotations

Branches:
Dungeon (2/15)

Altars:


Innate Abilities, Weirdness & Mutations

You are a tree.
Your roots penetrate the ground, keeping you stationary.
You cannot be teleported.
You are immune to unholy pain and torment.
Your maximum health is greatly increased.
Your equipment is partially melded.
((You are very nimble when in or above water. (Stealth+, EV+, Speed+++)))
((Your lower body shifts to a powerful aquatic tail in water.))


Message History

Your cerulean imp barely misses the giant cockroach.
You barely miss the giant cockroach.
The giant cockroach is severely wounded.
You feel very sick. The giant cockroach misses you.
The goblin closely misses you. The giant cockroach barely misses you.
Your cerulean imp barely misses the giant cockroach.
You hit the giant cockroach but do no damage.
The giant cockroach is severely wounded.
You feel very sick.
The giant cockroach closely misses you. x2
The goblin hits you with a +1 dagger of venom.
You are lethally poisoned!
The giant cockroach bites you but does no damage.
Your cerulean imp hits the giant cockroach but does no damage.
You swap places.
* * * LOW HITPOINT WARNING * * *
You feel very sick. The goblin attacks as it pursues you!
The goblin completely misses you.
The giant cockroach bites your cerulean imp but does no damage.
The giant cockroach barely misses you.
Your cerulean imp hits the giant cockroach with a -3 spear.
It was a potion of lignification.
You turn into a tree.
Your +0 robe melds into your body.
Your roots penetrate the ground.
* * * LOW HITPOINT WARNING * * *
You feel very sick. The goblin hits you but does no damage.
You are more poisoned.
The giant cockroach barely misses your cerulean imp.
The giant cockroach barely misses you.
Your cerulean imp barely misses the giant cockroach.
You closely miss the goblin.
* * * LOW HITPOINT WARNING * * *
You feel very sick. The goblin hits you but does no damage.
The giant cockroach closely misses your cerulean imp.
The giant cockroach bites you but does no damage.
Your cerulean imp barely misses the giant cockroach.
You closely miss the goblin.
You die...

.........##.#.### #....
##..#.....#.#.# #..##
..##.........# #..#. ..
#.##.†...## #.... #
#.##.....######...# .##.
#.#..........##...#
.....#.#.####.###.#.....
.........### .# ....
#.....♣g..##.##
.......B5.......
###....B........
#..........#..
............# .
.##............
#............)
##........####
..........


You could see 2 giant cockroaches, a goblin and a friendly cerulean imp
(summoned).

Vanquished Creatures
  A dart slug (D:1)
  A ribbon worm (D:2)
  An orc (D:2)
  A ball python (D:2)
  2 endoplasms (D:2)
  A giant cockroach (D:1)
  A hobgoblin (D:1)
  A jackal (D:1)
  A kobold (D:1)
  A rat (D:1)
11 creatures vanquished.

Vanquished Creatures (collateral kills)
  2 dart slugs (D:1)
  A giant cockroach (D:1)
  A goblin (D:2)
  3 hobgoblins (D:1)
  3 jackals (D:1)
  A quokka (D:2)
  A bat (D:1)
  2 frilled lizards
  A kobold (D:2)
  2 rats (D:1)
17 creatures vanquished.

Grand Total: 28 creatures vanquished

Notes
Turn   | Place    | Note
-------+----------+-------------------------------------------
     0 | D:1      | AgateBread the Merfolk Summoner began the quest for the
                  | Orb.
     0 | D:1      | Reached XP level 1. HP: 13/13 MP: 3/3
   656 | D:1      | Reached skill level 1 in Fighting
   656 | D:1      | Reached XP level 2. HP: 10/21 MP: 1/5
  1472 | D:1      | HP: 1/21 [jackal (1)]
  1484 | D:1      | HP: 1/21 [jackal (2)]
  2225 | D:1      | Reached XP level 3. HP: 27/27 MP: 6/6
  2288 | D:1      | Found a faded altar of an unknown god.
  2632 | D:1      | Learned a level 2 spell: Call Imp
  2801 | D:2      | Found the +5 Force Lance {heavy, knockback}
  3100 | D:2      | Succumbed to a goblin's poison

Illustrated notes

Levels and vault maps discovered:
D:1:      sevenhm_arrival_forest_fort_large_3, layout_basic,
          hellmonk_ecumenical_altar_heavens_door
D:2:      layout_rooms

Skill      XL: |  1  2  3 |
---------------+----------+-----
Fighting       | 1 2 |  2.2
Dodging        | |  2.6
Stealth        | |  2.1
Spellcasting   | |  2.8
Summonings     | |  4.0

Action                     || total
---------------------------++-------
  Melee: Unarmed           ||     6
         Mace              ||    12
         Short sword       ||    36
         Punch             ||     2
   Cast: Summon Small Mamm ||    32
         Call Imp          ||     6
    Use: Potion            ||     2
         Scroll            ||     1
   Stab: Sleeping          ||     1
 Armour: Robe              ||    78
         Skin              ||     3
  Dodge: Dodged            ||    96
